 Dungeon Crawl Stone Soup version 0.31.0-10-gcf4a605ca0 (webtiles) character file.

Game seed: 3063549681924086124

70644 jestert79 the Grappler (level 14, -1/141 HPs)
             Began as a Troll Shapeshifter on Jan 25, 2024.
             Was the Champion of Kikubaaqudgha.
             Slain by an 11-headed hydra (15 damage)
             ... on level 12 of the Dungeon.
             The game lasted 01:20:34 (20456 turns).

jestert79 the Grappler (Troll Shapeshifter)        Turns: 20456, Time: 01:20:34

Health: -1/141     AC:  7    Str: 27    XL:     14   Next: 94%
Magic:  16/16      EV: 12    Int: 10    God:    Kikubaaqudgha [******]
Gold:   2244       SH:  8    Dex: 11    Spells: 13/17 levels left

rFire   . .          .
                       - Unarmed
rCold   . . .        H - +0 kite shield
rNeg    . . .        N - +0 steam dragon scales
rPois   .            (helmet currently unavailable)
rElec   .            F - melded +0 cloak
rCorr   .            (gloves unavailable)
SInv    +            (boots unavailable)
Will    ++...        y - amulet of the acrobat
Stlth   +            U - ring "Ewkicle" {Will+ Int+4}
HPRegen 1.23/turn    r - ring of see invisible
MPRegen 0.15/turn

%: acrobat
@: beast-form, studying Shields
A: beast (slay +4), large, unfitting armour, claws 3, regeneration 1, shaggy fur
1, tough skin 1
a: Begin Untransformation, Renounce Religion, Unearth Wretches, Torment, Brand
Weapon With Pain, Receive Forbidden Knowledge


You were on level 12 of the Dungeon.
You worshipped Kikubaaqudgha.
Kikubaaqudgha was exalted by your worship.
You were a hulking beast.
You visited 4 branches of the dungeon, and saw 20 of its levels.

You collected 2857 gold pieces.
You spent 613 gold pieces at shops.

Inventory:

Missiles
 f - 32 poisoned darts (quivered)
 s - a throwing net
 v - 2 datura-tipped darts
 D - 2 javelins
 R - 16 large rocks
Armour
 F - a +0 cloak (melded)
 H - a +0 kite shield (worn)
 N - +0 steam dragon scales (worn)
 W - +0 acid dragon scales
Jewellery
 j - a +6 ring of strength
 p - a +4 ring of protection
 r - a ring of see invisible (right claw)
 y - an amulet of the acrobat (around neck)
 C - a ring of protection from cold
 U - the ring "Ewkicle" (left claw) {Will+ Int+4}
   (You bought it in a shop on level 2 of the Orcish Mines)

   [ring of willpower]

   Int+4:     It affects your intelligence (+4).
   Will+:     It increases your willpower.
Talismans
 c - a beast talisman (active)
 d - a flux talisman
Wands
 w - a wand of polymorph (3)
 z - a wand of flame (40)
 A - a wand of quicksilver (3)
 E - a wand of iceblast (7)
 J - a wand of digging (5)
 M - a wand of charming (4)
 P - a wand of mindburst (8)
Scrolls
 a - a scroll of silence
 e - 4 scrolls of poison
 g - 5 scrolls of enchant weapon
 k - 2 scrolls of amnesia
 m - 10 scrolls of teleportation
 n - 2 scrolls of immolation
 G - 2 scrolls of fog
 I - a scroll of identify
 O - 2 scrolls of torment
 S - a scroll of revelation
 T - a scroll of enchant armour
Potions
 b - 4 potions of lignification
 h - 3 potions of haste
 i - 9 potions of curing
 l - 2 potions of degeneration
 o - 3 potions of brilliance
 q - 2 potions of heal wounds
 t - 2 potions of enlightenment
 u - 3 potions of might
 x - a potion of attraction
 B - a potion of invisibility
 L - 2 potions of berserk rage
 Q - a potion of mutation
 V - a potion of resistance
 X - a potion of cancellation
Miscellaneous
 K - a lightning rod (4/4)


   Skills:
 - Level 9.9 Fighting
 - Level 9.7 Dodging
 + Level 4.6 Shields
 - Level 14.3 Unarmed Combat
 - Level 2.0 Spellcasting
 - Level 9.0 Necromancy
 - Level 4.5 Evocations
 - Level 10.0 Shapeshifting


You had 13 spell levels left.
You knew the following spells:

 Your Spells              Type           Power      Damage    Failure   Level
a - Animate Dead          Necr           19%        N/A       14%         4

Your spell library contained the following spells:

 Spells                   Type           Power      Damage    Failure   Level
 Sublimation of Blood     Necr           19%        N/A       2%          2
 Vampiric Draining        Necr           19%        2d7       4%          3
 Dispel Undead            Necr           19%        3d11      14%         4
 Cigotuvi's Dreadful Rot  Necr/Alch/Air  14%        N/A       26%         2
 Summon Small Mammal      Summ           4%         N/A       52%         1
 Ensorcelled Hibernation  Hex/Ice        2%         N/A       65%         2
 Jinxbite                 Hex            2%         N/A       65%         2
 Martyr's Knell           Necr/Summ      10%        N/A       67%         4
 Call Canine Familiar     Summ           1%         N/A       87%         3
 Passwall                 Erth           1%         N/A       87%         3
 Sigil of Binding         Hex            1%         N/A       87%         3
 Swiftness                Air            1%         N/A       87%         3
 Death Channel            Necr           9%         N/A       92%         6
 Borgnjor's Vile Clutch   Necr/Erth      5%         N/A       95%         5
 Dimensional Bullseye     Hex/Tloc       0%         N/A       99%         4
 Ignite Poison            Fire/Alch      1%         N/A       99%         4
 Summon Blazeheart Golem  Fire/Summ      1%         N/A       99%         4
 Vhi's Electric Charge    Tloc/Air       2%         N/A       99%         4
 Arcjolt                  Conj/Air       0%         1d10      100%        5
 Freezing Cloud           Conj/Ice/Air   0%         6-21      100%        5
 Yara's Violent Unravell  Hex/Alch       0%         3d3       100%        5
 Enfeeble                 Hex            0%         N/A       100%        7
 Orb of Destruction       Conj           0%         9d5       100%        7
 Spellforged Servitor     Conj/Summ      0%         N/A       100%        7
 Maxwell's Capacitive Co  Air            0%         ∞         100%        8


Dungeon Overview and Level Annotations

Branches:
Dungeon (12/15)            Temple (1/1) D:6            Lair (5/5) D:9
 Shoals (0/4) Lair:2       Spider (0/4) Lair:3        Slime (0/5) Lair:5
    Orc (2/2) D:10            Elf (0/3) Orc:2

Altars:
Ashenzari
Cheibriados
Dithmenos
Elyvilon
Fedhas
Gozag
Hepliaklqana
Kikubaaqudgha
Makhleb
Nemelex Xobeh
Okawaru
Qazlal
Ru
Sif Muna
Trog
Uskayaw
Vehumet
Wu Jian
Xom
Yredelemnul
Zin
The Shining One
Jiyva

Shops:
D:2 ?   Orc:1 (   Orc:2 **?[:

Portals:
Pandemonium: Orc:2

Annotations:
D:7 1 runed translucent door, puppykicker's ghost, novice MiBe
Lair:4 exclusion: door
Lair:5 exclusion: obsidian statue


Innate Abilities, Weirdness & Mutations

You are a hulking beast.
Your limbs bulge with bestial killing power. (Slay +4)
You are too large for most types of armour.
You have claws for hands.
Your natural rate of healing is unusually fast.
You are covered in fur. (AC +1)
You have tough skin. (AC +1)


Message History

Your two-headed ogre zombie hits the nine-headed hydra.
You barely miss the nine-headed hydra.
The nine-headed hydra is almost dead.
The nine-headed hydra bites you.
The nine-headed hydra bites you but does no damage.
The nine-headed hydra bites you.
The nine-headed hydra completely misses you.
The nine-headed hydra bites you!
* * * LOW HITPOINT WARNING * * *
The nine-headed hydra closely misses you.
You block the nine-headed hydra's attack.
The nine-headed hydra bites you but does no damage.
The nine-headed hydra completely misses you.
Unknown command.
You tear one of the nine-headed hydra's heads off!
The eight-headed hydra grows two more!
You scratch the ten-headed hydra.
The ten-headed hydra is severely wounded.
Unknown command.
You tear one of the ten-headed hydra's heads off!
The nine-headed hydra grows two more!
You scratch the 11-headed hydra.
The 11-headed hydra is severely wounded.
You block the 11-headed hydra's attack. The 11-headed hydra bites you!
* * * LOW HITPOINT WARNING * * *
The 11-headed hydra barely misses you.
The 11-headed hydra bites you but does no damage.
The 11-headed hydra bites you!
* * * LOW HITPOINT WARNING * * *
The 11-headed hydra bites you but does no damage.
You block the 11-headed hydra's attack. The 11-headed hydra closely misses you.
You block the 11-headed hydra's attack. The 11-headed hydra bites you.
* * * LOW HITPOINT WARNING * * *
The 11-headed hydra bites you.
* * * LOW HITPOINT WARNING * * *
Your two-headed ogre zombie hits the 11-headed hydra! x2
Unknown command.
You completely miss the 11-headed hydra.
The 11-headed hydra is almost dead.
The 11-headed hydra bites you!
You die...
Kikubaaqudgha rasps: "You have failed me!
Welcome... death!"

#....##..........#
#.#.##
#....##..........#
#.....
##...##..........#
####..
###.##.....<....#
##.
#.######.###### #.
#.# #.# ## #.##
#.# #..# ##D#
##.####hZ#
#.#....## #.#.####
#...# ##..# #..#
#..# #..# #..#


You could see a 11-headed hydra (ally target) and a friendly two-headed ogre
zombie.

Vanquished Creatures
  3 dire elephants (Lair:5)
  Snorg (Lair:3)
  2 hydras (Lair:5)
  2 two-headed ogres
  3 demonspawn (Orc:2)
  5 death yaks (Lair:5)
  5 orc high priests (Orc:2)
  A fire crab (Lair:4)
  A spectral death yak (Lair:5)
  A skyshark (Lair:5)
  A spectral anaconda (Lair:5)
  5 orc knights
  2 necromancers (Lair:5)
  2 cyclopes
  2 manticores
  5 orc sorcerers (Orc:2)
  14 elephants
  5 kobold blastminers
  3 black mambas
  9 cane toads
  2 rime drakes
  A gargoyle (D:12)
  A smoke demon (Orc:2)
  12 komodo dragons
  A dire elephant skeleton (Lair:5)
  3 red devils (Orc:2)
  A polar bear (Lair:3)
  3 hornets
  7 trolls
  A raiju (D:10)
  8 dream sheep
  11 blink frogs
  A vampire (D:11)
  2 wyverns (Lair:2)
  46 yaks
  2 shadows
  2 wraiths
  A ynoxinul (Orc:2)
  4 redbacks (Lair:3)
  3 steam dragons
  A vampire mosquito (D:11)
  2 wargs
  A chaos spawn (Orc:2)
  Menkaure (D:4)
  A death yak simulacrum (Lair:5)
  10 water moccasins
  2 acid dragons
  3 spectral cane toads (Lair:5)
  29 orc warriors
  2 ice beasts
  2 sky beasts (D:6)
  4 black bears
  7 ogres
  13 wolves
  2 centaurs
  2 elephant skeletons (Lair:5)
  15 bullfrogs
  2 kobold brigands
  3 scorpions
  4 gnoll sergeants
  17 wights
  An elephant simulacrum (Lair:5)
  4 killer bees (D:8)
  A howler monkey (D:12)
  2 electric eels (D:7)
  4 bombardier beetles
  2 hounds
  2 jellies
  3 gnoll boudas
  21 orc priests
  3 sleepcaps
  2 iguanas
  14 orc wizards
  A hell rat (Lair:4)
  25 gnolls
  5 adders
  A river rat (D:7)
  A shadow imp (D:7)
  3 white imps
  2 ufetubi (D:6)
  12 dart slugs
  3 ribbon worms
  44 orcs
  7 ball pythons
  2 bats
  7 endoplasms
  3 giant cockroaches
  4 goblins
  7 hobgoblins
  2 jackals (D:3)
  3 quokkas
  3 frilled lizards (D:1)
  16 kobolds
  4 rats
521 creatures vanquished.

Vanquished Creatures (collateral kills)
  A dire elephant (Lair:5)
  A boulder beetle (D:12)
  A two-headed ogre (D:11)
  An orc high priest (Orc:2)
  2 necromancers (Lair:5)
  A cyclops (Orc:1)
  4 elephants (Lair:5)
  A black mamba (Lair:5)
  4 cane toads (Lair:5)
  2 dream sheep (Lair:5)
  3 yaks
  A vampire mosquito (D:11)
  2 orc warriors (Orc:2)
  3 wolves (Lair:5)
  A cane toad simulacrum (Lair:5)
  2 orc priests (Orc:2)
  7 orcs
37 creatures vanquished.

Vanquished Creatures (others)
  A dire elephant zombie (Lair:5)
  A death yak zombie (Lair:5)
  A hydra zombie (Lair:5)
  4 elephant zombies (Lair:5)
  A blink frog zombie (Lair:5)
  A rime drake zombie (Lair:5)
  A troll zombie (D:12)
  4 yak zombies (Lair:5)
  An ogre zombie (Orc:2)
  22 orc zombies
37 creatures vanquished.

Grand Total: 595 creatures vanquished

Notes
Turn   | Place    | Note
-------+----------+-------------------------------------------
     0 | D:1      | jestert79 the Troll Shapeshifter began the quest for the
                  | Orb.
     0 | D:1      | Reached XP level 1. HP: 18/18 MP: 0/0
    96 | D:1      | Reached XP level 2. HP: 26/26 MP: 1/1
   488 | D:1      | Reached XP level 3. HP: 32/32 MP: 2/2
  1187 | D:2      | Found a bloodstained altar of Trog.
  1396 | D:2      | Found Pugenusy's Magic Scroll Shoppe.
  1399 | D:2      | Bought a scroll of teleportation for 39 gold pieces
  1662 | D:3      | Reached skill level 4 in Unarmed Combat
  1747 | D:3      | Found a faded altar of an unknown god.
  1790 | D:3      | Reached XP level 4. HP: 40/40 MP: 3/3
  1997 | D:4      | Noticed a black bear
  1999 | D:4      | Killed a black bear
  2000 | D:4      | Reached XP level 5. HP: 46/46 MP: 4/4
  2020 | D:4      | Noticed Menkaure
  2024 | D:4      | Killed Menkaure
  2025 | D:4      | Reached skill level 5 in Unarmed Combat
  2025 | D:4      | Reached skill level 5 in Shapeshifting
  2025 | D:4      | Reached XP level 6. HP: 51/54 MP: 5/5
  2230 | D:4      | You fall into a shaft and drop 1 floor!
  2230 | D:5      | Entered Level 5 of the Dungeon
  2248 | D:5      | Found a sparkling altar of Nemelex Xobeh.
  2261 | D:5      | Reached skill level 6 in Unarmed Combat
  2261 | D:5      | Reached XP level 7. HP: 46/61 MP: 6/6
  2474 | D:5      | Found a sacrificial altar of Ru.
  2614 | D:5      | Found an iron altar of Okawaru.
  2644 | D:5      | Reached skill level 7 in Unarmed Combat
  3040 | D:4      | Reached XP level 8. HP: 68/68 MP: 7/7
  3498 | D:6      | Reached skill level 1 in Fighting
  3684 | D:6      | Reached skill level 8 in Unarmed Combat
  3838 | D:6      | Found a staircase to the Ecumenical Temple.
  3878 | Temple   | Entered the Ecumenical Temple
  3981 | D:6      | Found a blossoming altar of Fedhas.
  4090 | D:6      | Found an ornate altar of the Wu Jian Council.
  4236 | D:7      | Reached XP level 9. HP: 80/81 MP: 8/8
  4295 | D:7      | Found a runed translucent door.
  4295 | D:7      | Noticed puppykicker's ghost (novice MiBe)
  4497 | D:7      | Reached skill level 9 in Unarmed Combat
  4848 | D:7      | Identified the serpent talisman "Ukkumewka" {rF- Will++
                  | Str-2 Stlth+}
  5443 | D:8      | Reached skill level 5 in Dodging
  5806 | D:7      | Reached XP level 10. HP: 83/94 MP: 9/9
  5930 | D:8      | Reached skill level 5 in Fighting
  6414 | D:9      | Found a staircase to the Lair.
  6489 | D:9      | Identified a scroll of acquirement
  6489 | D:9      | Acquired a manual of Shields
  6628 | D:9      | Reached skill level 10 in Unarmed Combat
  6713 | D:9      | Noticed a lindwurm
  6713 | D:9      | Noticed a lindwurm
  6740 | D:9      | Noticed a lindwurm
  6959 | D:9      | Noticed a manticore
  6972 | D:9      | Killed a manticore
  7061 | D:9      | Found a stormy altar of Qazlal.
  7139 | D:9      | Noticed a lindwurm
  7343 | D:10     | Entered Level 10 of the Dungeon
  7423 | D:10     | Found a staircase to the Orcish Mines.
  7478 | D:10     | Upgraded the game from 0.31.0-9-g3a7656b989 to
                  | 0.31.0-10-gcf4a605ca0
  7505 | D:10     | Found a basalt altar of Yredelemnul.
  7575 | D:10     | HP: 2/98 [warg (17)]
  7709 | D:10     | Found an ancient bone altar of Kikubaaqudgha.
  7709 | D:10     | Found a broken altar of Ashenzari.
  7814 | D:10     | Became a worshipper of Kikubaaqudgha
  7882 | D:10     | Noticed a two-headed ogre
  8231 | D:10     | Found a shimmering altar of Xom.
  8467 | D:10     | Killed a two-headed ogre
  8468 | D:10     | Reached skill level 11 in Unarmed Combat
  8468 | D:10     | Reached XP level 11. HP: 86/105 MP: 10/10
  8561 | D:10     | Found a snail-covered altar of Cheibriados.
  8669 | Lair:1   | Entered Level 1 of the Lair of Beasts
  9142 | Lair:1   | Found a shimmering altar of Xom.
  9504 | Lair:1   | Reached * piety under Kikubaaqudgha
  9504 | Lair:1   | Received a gift from Kikubaaqudgha
  9514 | Lair:1   | Learned a level 4 spell: Animate Dead
  9828 | Lair:2   | Reached skill level 12 in Unarmed Combat
  9828 | Lair:2   | Reached skill level 1 in Necromancy
  9929 | Lair:2   | Found a staircase to the Shoals.
 11000 | Lair:3   | Reached XP level 12. HP: 118/118 MP: 11/11
 11115 | Lair:3   | Reached ** piety under Kikubaaqudgha
 11395 | Lair:3   | Found a hole to the Spider Nest.
 11851 | Lair:3   | Noticed Snorg
 11884 | Lair:3   | Killed Snorg
 12271 | Lair:4   | Reached skill level 10 in Shapeshifting
 13026 | Lair:4   | Reached skill level 13 in Unarmed Combat
 13314 | Lair:4   | Reached skill level 1 in Spellcasting
 13403 | Lair:4   | Reached *** piety under Kikubaaqudgha
 13403 | Lair:4   | Received a gift from Kikubaaqudgha
 13404 | Lair:4   | Reached skill level 5 in Necromancy
 13746 | Lair:4   | Noticed an alligator
 13782 | Lair:5   | Entered Level 5 of the Lair of Beasts
 13879 | Lair:5   | Reached XP level 13. HP: 93/127 MP: 14/14
 14837 | Lair:5   | Reached **** piety under Kikubaaqudgha
 15162 | Lair:5   | Found a viscous altar of Jiyva.
 15162 | Lair:5   | Found a staircase to the Slime Pits.
 15194 | Lair:5   | Noticed a dire elephant
 15194 | Lair:5   | Noticed a dire elephant
 15194 | Lair:5   | Noticed a dire elephant
 15199 | Lair:5   | Killed a dire elephant
 15287 | Lair:5   | Reached skill level 1 in Evocations
 15516 | Lair:5   | Noticed a dire elephant
 15537 | Lair:5   | Killed a dire elephant
 15538 | Lair:5   | Reached XP level 14. HP: 97/137 MP: 11/16
 16598 | Orc:1    | Entered Level 1 of the Orcish Mines
 16796 | Orc:1    | Reached ***** piety under Kikubaaqudgha
 16846 | Orc:1    | Found Kashrity's Antique Weapon Shoppe.
 17007 | Orc:1    | Found a burning altar of Makhleb.
 17147 | Orc:2    | Entered Level 2 of the Orcish Mines
 17305 | Orc:2    | Found a staircase to the Elven Halls.
 17313 | Orc:2    | Found Quur Eqe's Magic Scroll Emporium.
 17539 | Orc:1    | You fall into a shaft and drop 1 floor!
 17539 | Orc:2    | Found a one-way gate leading to the halls of Pandemonium.
 17539 | Orc:2    | Found Nougonn's Book Shoppe.
 17539 | Orc:2    | Found Pattuum's Antique Armour Emporium.
 18141 | Orc:2    | Found Ytirut's General Store.
 18393 | Orc:2    | Found Iloquet's General Store.
 18419 | Orc:2    | Bought a scroll of enchant armour for 90 gold pieces
 18419 | Orc:2    | Bought the ring "Ewkicle" {Will+ Int+4} for 484 gold pieces
 18537 | Orc:2    | Reached skill level 14 in Unarmed Combat
 19012 | Orc:2    | Paralysed by an orc sorcerer for 4 turns
 19590 | D:11     | Reached ****** piety under Kikubaaqudgha
 19844 | D:11     | Reached skill level 1 in Shields
 20456 | D:12     | Slain by an 11-headed hydra

Illustrated notes

Levels and vault maps discovered:
D:1:      lemuel_arrival_funnel, layout_loops_corners
D:2:      layout_basic, basic_altar, serial_shops, nicolae_shop_rolled_up,
          fountainhead
D:3:      layout_basic, basic_ecumenical_altar, item_on_display_a
D:4:      layout_basic, minmay_pentomino_pile, uniq_menkaure
D:5:      layout_loops_ring, nemelex_dance_club_becter, okawaru_metal_pillars_3,
          nicolae_ru_sacrificial_ziggurat, serial_glass, glass_columns_a,
          glass_columns_a
D:6:      layout_cave_pools, nicolae_wu_jian_glorious_leap, lemuel_doored_altar,
          temple_pool_b, grunt_decor_mini_mirrors, hangedman_decor_lopped
D:7:      kennysheep_slugbush, layout_basic, hellmonk_ghost_happy_afterlife,
          dk_noncrumbling_3, grunt_ministairs_11, dreamdust_gnoll_shepherd
D:8:      layout_layer_cave
D:9:      layout_big_octagon, overflow_temple_1_default, lair_entry_dummy,
          dreamdust_princess_corridor, dk_noncrumbling_2, grunt_decor_fettered,
          minmay_lindwurm_lava
D:10:     layout_irregular_city, chequers_temple_overflow_statue_of_worship,
          slow_altar_2, mainiacjoe_overflow_big_doors, david_orc_3
D:11:     layout_basic
D:12:     layout_rooms, nooodl_orcs_dogs
Temple:   nicolae_temple_bog_church
Lair:1:   layout_hall_layers, basic_altar, grunt_megastairs_2,
          infiniplex_staircase_pool_2
Lair:2:   layout_hall_layers, elwin_shoals_entry_rocks
Lair:3:   layout_hall_layers, spider_nest_entry_webs, uniq_snorg
Lair:4:   layout_gridlike, nicolae_lair_lakeside_cave, grunt_megastairs_3
Lair:5:   due_jungle_book, layout_layer_cave, dpeg_slime_entry_enclosed
Orc:1:    layout_diamond_mine, serial_shops,
          nicolae_shop_temple_entry_statues_fountains, nicolae_orc_rockfall,
          library_closet, david_defended_altar_orc
Orc:2:    pf_orc_diabolical, layout_diamond_mine, serial_shops,
          nicolae_shop_trees, regret_index_minedec_guest_junction

Skill      XL: |  1  2  3  4  5  6  7  8  9 10 11 12 13 14 |
---------------+-------------------------------------------+-----
Unarmed Combat | 4 5 6 7 8 9 11 12 13 14 | 14.3
Shapeshifting  | 4 5 6 7 8 9 10 | 10.0
Fighting       | 3 4 6 7 8 9 |  9.9
Dodging        | 3 5 6 7 8 9 |  9.7
Necromancy     | 2 5 9 |  9.0
Spellcasting   | 1 2 |  2.0
Evocations     | 2 4 |  4.5
Shields        | 4 |  4.6

Action                     |  1- 3 |  4- 6 |  7- 9 | 10-12 | 13-15 || total
---------------------------+-------+-------+-------+-------+-------++-------
  Melee: Unarmed           |    75 |    40 |   222 |   589 |   642 ||  1568
         Punch             |     1 |     1 |     7 |    11 |    56 ||    76
  Throw: Dart              |       |       |     7 |    17 |     2 ||    26
   Cast: Animate Dead      |       |       |       |       |    26 ||    26
  Evoke: Wand              |       |       |     6 |    20 |     1 ||    27
         Lightning rod     |       |       |       |       |     1 ||     1
    Use: Scroll            |       |       |    14 |    10 |     6 ||    30
         Potion            |       |       |       |     3 |     3 ||     6
   Stab: Sleeping          |       |       |     3 |       |       ||     3
         Distracted        |       |       |     1 |     1 |     3 ||     5
 Armour: Animal skin       |    35 |    19 |   134 |   153 |       ||   341
         Skin              |       |       |       |   246 |    34 ||   280
         Steam dragon scal |       |       |       |     4 |   418 ||   422
  Dodge: Dodged            |    28 |    16 |   101 |   382 |   418 ||   945
  Block: Kite shield       |       |       |       |       |    26 ||    26
   Form: Flux              |       |       |       |     3 |       ||     3
         Beast             |       |       |       |     2 |       ||     2
                           |       |       |       |     1 |       ||     1
